 Dungeon Crawl Stone Soup version 0.30-a0-1082-g70414cbcbb (webtiles) character file.

Game seed: 14421959208764216983

2 fortdeath9 the Firebug (level 1, 10/10 HPs)
             Began as a Gargoyle Fire Elementalist on Apr 16, 2023.
             Was a Follower of Trog (penitent).
             Quit the game on level 1 of the Dungeon.
             The game lasted 00:04:33 (95 turns).

fortdeath9 the Firebug (Gargoyle Fire Elementalist)   Turns: 95, Time: 00:04:33

Health: 10/10      AC:  4    Str: 11    XL:     1   Next: 40%
Magic:  1/3        EV: 10    Int: 15    God:    Trog [*.....]
Gold:   7          SH:  6    Dex: 10    Spells: 3/4 levels left

rFire   . . .      SeeInvis .    (no weapon)
rCold   . . .      Faith    .    c - +0 kite shield
rNeg    + . .      Spirit   .    a - +0 robe
rPois   ∞          Reflect  .    (no helmet)
rElec   +          Rampage  .    (no cloak)
rCorr   .                        (no gloves)
Will    .....                    (no boots)
Stlth   ++                       (no amulet)
HPRegen 0.21/turn                (no ring)
MPRegen 0.08/turn                (no ring)

@: no status effects
A: sickness immunity, AC +2, negative energy resistance 1, electricity
resistance, torment resistance 1, petrification resistance
a: Renounce Religion


You were on level 1 of the Dungeon.
You worshipped Trog.
Trog was demanding penance.
You visited 1 branch of the dungeon, and saw 1 of its levels.

You collected 7 gold pieces.

Inventory:

Missiles
 e - 8 stones (quivered)
Armour
 a - a +0 robe (worn)
 c - a +0 kite shield (worn)
Potions
 b - a potion of magic
 d - a potion of heal wounds {unknown}


   Skills:
 + Level 1.7 Dodging
 + Level 2.3 Stealth
 - Level 2.0 Spellcasting
 - Level 1.1 Conjurations
 - Level 3.0 Fire Magic


You had 3 spell levels left.
You knew the following spells:

 Your Spells              Type           Power      Damage    Failure   Level
a - Foxfire               Conj/Fire      28%        2x1d5     34%         1

Your spell library contained the following spells:

 Spells                   Type           Power      Damage    Failure   Level
 Scorch                   Fire           20%        2d5       34%         2
 Inner Flame              Hex/Fire       6%         N/A       78%         3
 Volatile Blastmotes      Fire/Tloc      12%        2d11      78%         3
 Flame Wave               Conj/Fire      7%         2d5       98%         4


Dungeon Overview and Level Annotations

Branches:
Dungeon (1/15)

Altars:
Trog


Innate Abilities, Weirdness & Mutations

You are immune to sickness and miasma.
Your stone body is resilient. (AC +2)
You are immune to poison.
You resist negative energy. (rN+)
You are resistant to electric shocks. (rElec)
You are resistant to unholy torment.
You are immune to petrification.


Message History

In explore mode, death is optional.
Once you set a character to explore mode, you can't switch back.
If you continue, your game will not be scored!
Do you really want to enter explore mode? (Confirm with "yes".)
Okay, then.
Number of times to repeat, then command key: You must enter the number of times for the command to repeat.
Unknown command.
Unknown command.
Casting: Foxfire (safe; 34% risk of failure)
Confirm with . or Enter, or press ? or * to list all spells.
Casting this spell will place you under penance.
Really cast?
You conjure some foxfire!
You feel guilty. "You will pay for your transgression, mortal!"
The foxfire hits the endoplasm.
The endoplasm is almost dead.
The foxfire hits the endoplasm.
You kill the endoplasm!
Trog accepts your kill.
Save game and exit?
Welcome back, fortdeath9 the Gargoyle Fire Elementalist.
Trog rages: Kill them all!
Press ? for a list of commands and other information.
Okay, then.
Are you sure you want to abandon this character and quit the game? (Confirm with "yes".)
Okay, then.
It was a potion of curing.
You feel better.
Are you sure you want to abandon this character and quit the game? (Confirm with "yes".)

#.$........
#..........
#.....v..#
#.....§..#
#.....§.!#
#....§...#
####...§....#
#.....@§....#
#....§#######
#####...§.#
....#...§.#
.......
#.....§.##.......
##.....v##.......
#......##.......
##..#####.......
##†## #.......


There were no monsters in sight!

Vanquished Creatures
  An endoplasm (D:1)
  A bat (D:1)
  A rat (D:1)
3 creatures vanquished.

Vanquished Creatures (others)
  2 foxfires (D:1)
2 creatures vanquished.

Grand Total: 5 creatures vanquished

Notes
Turn   | Place    | Note
-------+----------+-------------------------------------------
     0 | D:1      | fortdeath9 the Gargoyle Fire Elementalist began the quest
                  | for the Orb.
     0 | D:1      | Reached XP level 1. HP: 10/10 MP: 3/3
    10 | D:1      | Found a faded altar of an unknown god.
    19 | D:1      | Prayed at the altar of an unknown god.
    19 | D:1      | Became a worshipper of Trog the Wrathful
    19 | D:1      | Reached * piety under Trog
    92 | D:1      | Was placed under penance by Trog
    95 | D:1      | Quit the game

Illustrated notes

Levels and vault maps discovered:
D:1:      saegor_arrival_simple_d, layout_basic, shapermc_ecumenical_altar_venn

Action                     || total
---------------------------++-------
  Melee: Unarmed           ||     5
   Cast: Foxfire           ||     2
    Use: Potion            ||     1
 Armour: Robe              ||     1
  Dodge: Dodged            ||     4

Table legend: (Time is in decaauts)
 A = Elapsed time spent in this place.
 B = Non-inter-level travel time spent in this place.
 C = Inter-level travel time spent in this place.
 D = Time resting spent in this place.
 E = Time spent auto-exploring this place.
 F = Levels seen in this place.
 G = Mean time per level.
                   A        B        C        D        E       F      G
               +--------+--------+--------+--------+--------+-----+--------+
         Total |     96 |     96 |      0 |      0 |      0 |   1 |   96.0 |
       Dungeon |     96 |     96 |      0 |      0 |      0 |   1 |   96.0 |
               +--------+--------+--------+--------+--------+-----+--------+

Top non-repeatable levels by time:
     D:1: 96 daAuts
